 Dungeon Crawl Stone Soup version 0.26.1-11-gd32895ea62 (webtiles) character file.

Game seed: 14436256613995021229

6940 promet the Cleaver (level 10, 0/84 HPs)
             Began as a Minotaur Fighter on June 3, 2021.
             Was a Believer of Hepliaklqana.
             Slain by an iron imp (2 damage)
             ... on level 1 of the Abyss.
             The game lasted 00:58:44 (10261 turns).

promet the Cleaver (Minotaur Fighter)              Turns: 10261, Time: 00:58:45

Health: 0/84       AC: 23    Str: 29    XL:     10   Next: 80%
Magic:  9/9        EV: 10    Int: 14    God:    Hepliaklqana [**....]
Gold:   396        SH: 12    Dex: 11    Spells: 9/9 levels left

rFire    . . .     SeeInvis .   a - +0 war axe (protect)
rCold    . . .     Faith    .   c - +0 kite shield
rNeg     . . .     Spirit   .   J - +4 scale mail of Negligence {rPois Regen+ Str+9 Stlth-}
rPois    +         Reflect  .   (helmet restricted)
rElec    .         Harm     .   n - +0 cloak
rCorr    .         Rampage  .   v - +1 pair of gloves
Will     .....                  (no boots)
Stlth    ..........             (no amulet)
HPRegen  0.64/turn              E - +6 ring of intelligence
MPRegen  0.11/turn              (no ring)

@: mighty, protection aura
A: retaliatory headbutt, reduced essence, horns 2
a: Renounce Religion, Recall Ancestor, Ancestor Identity


You were on level 1 of the Abyss.
You worshipped Hepliaklqana.
Hepliaklqana was pleased with you.
You visited 1 branch of the dungeon, and saw 8 of its levels.
You visited the Abyss 1 time.

You collected 396 gold pieces.

Inventory:

Hand Weapons
 a - a +0 war axe of protection (weapon)
 b - a +0 hunting sling
 e - a +2 scimitar of freezing
 o - a cursed -3 mace
 q - a +3 spear
 r - a +0 dagger of electrocution
 s - a +2 short sword of electrocution
 x - a cursed +3 flail
 F - a +2 hand axe of freezing
Missiles
 f - 281 stones
 i - 163 arrows
 k - 71 sling bullets
 m - 2 throwing nets (quivered)
 p - 17 boomerangs
 t - 5 javelins
 w - 11 poisoned darts
 D - 5 bolts
 K - 6 silver javelins
Armour
 c - a +0 kite shield (worn)
 n - a +0 cloak (worn)
 v - a +1 pair of gloves (worn)
 J - the +4 scale mail of Negligence (worn) {rPois Regen+ Str+9 Stlth-}
   (You took it off an orc on level 8 of the Dungeon)

   It affects your strength (+9).
   It protects you from poison.
   It increases your rate of regeneration.
   It makes you less stealthy.
Jewellery
 g - an uncursed amulet of faith
 u - an uncursed ring of protection from fire
 E - a +6 ring of intelligence (left hand)
 I - an uncursed ring of willpower {unknown}
Wands
 j - a wand of acid (7)
 y - a wand of polymorph (4)
 C - a wand of disintegration (16)
Scrolls
 h - 2 scrolls of teleportation
 l - a scroll of fog
 B - a scroll of amnesia
 G - 2 scrolls of identify
 L - a scroll of enchant weapon {unknown}
Potions
 d - 2 potions of might
 z - a potion of ambrosia
 A - a potion of magic
 H - a potion of flight


   Skills:
 * Level 10.9 Fighting
 + Level 11.4 Axes
 + Level 5.1(5.3) Slings
 + Level 1.7(3.4) Throwing
 + Level 8.4 Armour
 + Level 2.1 Dodging
 + Level 1.1 Stealth
 + Level 8.0 Shields


You had 9 spell levels left.
You didn't know any spells.
Your spell library contained the following spells:

 Spells                   Type           Power        Failure   Level
 Beastly Appendage        Tmut           0%           80%         1
 Wereblood                Tmut           0%           90%         2
 Confusing Touch          Hex            0%           99%         3
 Gell's Gravitas          Tloc           0%           99%         3
 Spider Form              Tmut/Pois      0%           99%         3
 Ice Form                 Ice/Tmut       0%           100%        4
 Petrify                  Tmut/Erth      0%           100%        4
 Blade Hands              Tmut           0%           100%        5
 Metabolic Englaciation   Hex/Ice        0%           100%        5
 Yara's Violent Unravell  Hex/Tmut       0%           100%        5


Dungeon Overview and Level Annotations

Branches:
Dungeon (8/15)             Temple (0/1) D:7
   Lair: D:8-11

Altars:
Hepliaklqana
Vehumet
Zin

Annotations:
D:8 Psyche


Innate Abilities, Weirdness & Mutations

You reflexively headbutt those who attack you in melee.
You have a pair of horns on your head.
Your life essence is reduced to manifest your ancestor. (-10% HP)


Message History

Your Dodging skill gained 2 levels and is now at level 2!
Your Shields skill increases to level 8!
You hit the large abomination. You headbutt the large abomination!
The large abomination is moderately damaged.
The substance of the Abyss twists violently, and a gateway leading out appears!
The large abomination hits you!
* * * LOW HITPOINT WARNING * * *
You slice the large abomination!!
The large abomination is almost destroyed.
You hit the large abomination but do no damage.
The large abomination is almost destroyed.
The large abomination hits you!!
* * * LOW HITPOINT WARNING * * *
Unknown command.
You slice the large abomination!!
You destroy the large abomination!
You barely miss the iron imp. You headbutt the iron imp.
The iron imp is moderately wounded.
The iron imp hits you.
You die...

# .. ##.##
..#.# . #######
#..#......
###.....#..####
#####....##.##
###. #5@#.# #
.. #..$## ##.
.#.##.# # ##.#.
#.# # .(# ##
#.. #.# ... ..
... .


You could see an iron imp.

Vanquished Creatures
  A lich (Abyss:1)
  A large abomination (Abyss:1)
  Menkaure (D:4)
  A sky beast (D:8)
  2 orc warriors
  3 ice beasts
  A black bear (D:6)
  2 ogres
  A necrophage (D:8)
  5 centaurs
  4 bullfrogs
  A wyvern zombie (D:8)
  2 scorpions
  2 killer bees
  6 wights
  2 howler monkeys (D:7)
  3 jellies
  A hound (D:4)
  6 orc priests
  2 bullfrog skeletons
  Natasha (thrice) (D:4)
  9 orc wizards
  7 iguanas
  2 worker ants
  A worker ant zombie (D:5)
  4 gnolls
  15 adders
  A white imp (D:7)
  4 ufetubi
  3 oozes
  An adder zombie (D:5)
  An adder skeleton (D:6)
  4 worms
  5 dart slugs
  6 leopard geckos
  32 orcs
  2 giant cockroaches
  6 goblins
  11 hobgoblins
  11 jackals
  3 quokkas
  2 ball pythons (D:2)
  10 bats
  6 frilled lizards
  A jackal zombie (D:7)
  9 kobolds
  2 leopard gecko skeletons (D:6)
  11 rats
219 creatures vanquished.

Vanquished Creatures (collateral kills)
  Prince Ribbit (D:8)
  2 orc warriors
  An ogre (D:7)
  A phantom (D:7)
  A bullfrog (D:8)
  A killer bee (D:8)
  2 wights
  2 hounds
  4 orc wizards
  Crazy Yiuf (D:7)
  A worker ant zombie (D:7)
  An adder (D:8)
  A shadow imp (D:7)
  An adder zombie (D:7)
  7 orcs
27 creatures vanquished.

Vanquished Creatures (others)
  A hexer (Abyss:1)
  2 ancestors
3 creatures vanquished.

Grand Total: 249 creatures vanquished

Notes
Turn   | Place    | Note
-------+----------+-------------------------------------------
     0 | D:1      | promet the Minotaur Fighter began the quest for the Orb.
     0 | D:1      | Reached XP level 1. HP: 19/19 MP: 0/0
   222 | D:1      | Reached XP level 2. HP: 27/27 MP: 1/1
   784 | D:1      | Reached XP level 3. HP: 33/33 MP: 2/2
  1026 | D:1      | Reached skill level 3 in Axes
  1550 | D:2      | Reached skill level 1 in Slings
  1736 | D:2      | Reached XP level 4. HP: 41/41 MP: 3/3
  3029 | D:3      | Reached XP level 5. HP: 47/47 MP: 4/4
  3042 | D:3      | Reached skill level 4 in Axes
  3433 | D:3      | Reached skill level 5 in Fighting
  3640 | D:3      | Found a radiant altar of Vehumet.
  3760 | D:3      | Reached XP level 6. HP: 56/56 MP: 5/5
  4301 | D:4      | Noticed Menkaure
  4309 | D:4      | Killed Menkaure
  4310 | D:4      | Reached skill level 5 in Armour
  4310 | D:4      | Reached skill level 5 in Shields
  4877 | D:4      | Reached skill level 5 in Axes
  4877 | D:4      | Reached XP level 7. HP: 50/62 MP: 6/6
  5079 | D:4      | Noticed Natasha
  5088 | D:4      | Killed Natasha
  5120 | D:4      | Noticed Natasha
  5133 | D:4      | Killed Natasha
  5283 | D:4      | Noticed Natasha
  5301 | D:4      | Killed Natasha
  5413 | D:5      | Entered Level 5 of the Dungeon
  5596 | D:5      | Reached skill level 6 in Axes
  5919 | D:5      | Reached XP level 8. HP: 50/71 MP: 7/7
  6289 | D:6      | Reached skill level 7 in Axes
  6546 | D:6      | Reached skill level 8 in Axes
  7371 | D:6      | Found a hazy altar of Hepliaklqana.
  7393 | D:6      | Became a worshipper of Hepliaklqana the Forgotten
  7579 | D:7      | Reached XP level 9. HP: 66/72 MP: 8/8
  7642 | D:7      | Found a staircase to the Ecumenical Temple.
  8166 | D:7      | Reached skill level 9 in Axes
  8229 | D:7      | Reached * piety under Hepliaklqana
  8467 | D:7      | Found a runed translucent door.
  8468 | D:7      | Noticed Crazy Yiuf
  8474 | D:7      | Killed Crazy Yiuf
  8475 | D:7      | Reached skill level 1 in Throwing
  9228 | D:8      | Reached skill level 1 in Stealth
  9305 | D:8      | Noticed Prince Ribbit
  9318 | D:8      | Killed Prince Ribbit
  9416 | D:8      | Identified the +4 scale mail of Negligence {rPois Regen+
                  | Str+9 Stlth-}
  9430 | D:8      | Reached skill level 10 in Axes
  9438 | D:8      | Reached XP level 10. HP: 55/82 MP: 9/9
  9842 | D:8      | Reached skill level 10 in Fighting
 10020 | D:8      | Found a glowing silver altar of Zin.
 10162 | D:8      | Noticed Psyche
 10168 | D:8      | Cast into level 1 of the Abyss (Psyche)
 10168 | Abyss:1  | Reached ** piety under Hepliaklqana
 10176 | Abyss:1  | Remembered your ancestor Zimri-Dagan as a hexer
 10216 | Abyss:1  | Noticed a lich
 10246 | Abyss:1  | Paralysed by a lich for 3 turns
 10256 | Abyss:1  | Killed a lich
 10257 | Abyss:1  | Reached skill level 11 in Axes
 10257 | Abyss:1  | Reached skill level 5 in Slings
 10259 | Abyss:1  | HP: 1/84 [large abomination (21)]
 10261 | Abyss:1  | Slain by an iron imp

Illustrated notes

Levels and vault maps discovered:
D:1:      dpeg_arrival_leaves_temple_mockup, layout_loops_corners,
          ebering_dispersal_statue_hall
D:2:      layout_basic, kennysheep_generic_room_5
D:3:      layout_rooms, grunt_decor_arrowhead, lemuel_tele_altar
D:4:      layout_loops_ring, grunt_tough_drop, uniq_natasha, uniq_menkaure
D:5:      layout_cave_pools
D:6:      black_bear_nest_1, layout_loops_cross, basic_altar
D:7:      layout_gridville, minmay_temple_entry_glass, nrook_mini_backslash,
          kennysheep_generic_room_9, uniq_crazy_yiuf_cottage
D:8:      layout_cave_pools, zin_scriptorium, uniq_psyche, uniq_prince_ribbit1
Abyss:1:  base: D:4, eino_small_chamber_without_monster

Skill      XL: |  1  2  3  4  5  6  7  8  9 10 |
---------------+-------------------------------+-----
Fighting       | 4 5 6 8 9 10 | 10.9
Shields        | 4 5 6 7 8 |  8.0
Axes           | 3 4 5 6 8 10 11 | 11.4
Slings         | 1 2 3 4 5 |  5.1
Armour         | 4 5 6 7 8 |  8.4
Throwing       | 1 |  1.7
Stealth        | 1 |  1.1
Dodging        | 2 |  2.1

Action                   |  1- 3 |  4- 6 |  7- 9 | 10-12 || total
-------------------------+-------+-------+-------+-------++-------
Melee: War axe           |    96 |   169 |   342 |    37 ||   644
       Headbutt          |    14 |    29 |    76 |    11 ||   130
       Spear             |       |       |     2 |       ||     2
       Hand axe          |       |       |       |    11 ||    11
 Fire: Hunting sling     |    12 |    21 |    38 |     2 ||    73
Throw: Stone             |       |     2 |       |       ||     2
       Boomerang         |       |       |     8 |       ||     8
       Javelin           |       |       |    10 |       ||    10
       Throwing net      |       |       |     1 |       ||     1
Invok: Recall Ancestor   |       |       |       |     1 ||     1
       Ancestor Life: He |       |       |       |     1 ||     1
  Use: Scroll            |     5 |     1 |    11 |     2 ||    19
       Potion            |     2 |     2 |     2 |     2 ||     8
 Stab: Distracted        |       |       |     2 |       ||     2
       Held in net/web   |       |       |     1 |       ||     1
Armor: Scale mail        |    38 |       |       |     7 ||    45
       Plate armour      |    16 |    97 |   210 |    19 ||   342
Dodge: Dodged            |    47 |    28 |    67 |     6 ||   148
Block: Kite shield       |    70 |    91 |   175 |    16 ||   352
